 Dungeon Crawl Stone Soup version 0.19.5 (webtiles) character file.

1348 tricornhat the Shield-Bearer (level 8, -1/72 HPs)
             Began as a Deep Dwarf Fighter on Mar 11, 2017.
             Slain by an orc warrior
             ... wielding a +0 trident
              (15 damage)
             ... on level 6 of the Dungeon.
             The game lasted 00:35:04 (4311 turns).

tricornhat the Shield-Bearer (Deep Dwarf Fighter)   Turns: 4311, Time: 00:35:04

Health: -1/72      AC:  8    Str: 21    XL:     8   Next: 36%
Magic:  8/8        EV:  9    Int:  9    God:
Gold:   292        SH: 11    Dex: 13    Spells: 0 memorised, 7 levels left

rFire  . . .     SeeInvis .     y - +4 mace (crush)
rCold  . . .     Gourm    .     h - +0 scale mail {rN+}
rNeg   + . .     Faith    .     c - +0 shield
rPois  .         Spirit   .     (no helmet)
rElec  .         Reflect  .     (no cloak)
rCorr  +         Harm     .     t - +0 pair of gloves
MR     +....                    (no boots)
Stlth  ..........               (no amulet)
                                (no ring)
                                u - ring of resist corrosion

@: non-regenerating
A: damage resistance, recharge devices, sense surroundings 1, slow regeneration
3
a: Device Recharging


You were on level 6 of the Dungeon.
You were not hungry.

You visited 1 branch of the dungeon, and saw 6 of its levels.

You collected 292 gold pieces.

Inventory:

Hand Weapons
 a - a +0 war axe
 p - a +1 long sword of slicing
 y - a +4 mace of crushing (weapon)
Armour
 b - a +0 scale mail
 c - a +0 shield (worn)
 h - a +0 scale mail of positive energy (worn)
 j - a +0 chain mail
 s - a cursed -1 plate armour
 t - a +0 pair of gloves (worn)
Jewellery
 k - a cursed amulet of faith
 u - a ring of resist corrosion (left hand)
 v - a cursed amulet of inaccuracy {unknown}
 B - a +2 ring of protection {unknown}
Wands
 e - a wand of heal wounds (0/9)
 i - a wand of teleportation (1/9)
 l - a wand of paralysis (6/24)
 E - a wand of paralysis (10/24)
Scrolls
 g - 2 scrolls of blinking
 o - 2 scrolls of remove curse
 r - a scroll of fear {unknown}
 A - 3 scrolls of amnesia {unknown}
 D - a scroll of enchant weapon
 F - a scroll of immolation {unknown}
Potions
 d - a potion of might
 m - a potion of ambrosia
 q - a potion of heal wounds
 w - a potion of degeneration {unknown}
 x - a potion of haste {unknown}
 z - a potion of invisibility {unknown}
Comestibles
 f - 3 bread rations
 n - 2 meat rations


   Skills:
 + Level 4.2 Fighting
 - Level 4.9(5.8) Axes
 + Level 4.4(5.3) Maces & Flails
 + Level 5.4 Armour
 + Level 2.4 Dodging
 + Level 1.5 Stealth
 + Level 6.7 Shields
 + Level 0.3 Evocations


You had 7 spell levels left.
You didn't know any spells.

Dungeon Overview and Level Annotations

Branches:
Dungeon (6/15)
 Temple: D:4-7

Altars:
Cheibriados
Fedhas
Kikubaaqudgha

Shops:
D:4 %


Innate Abilities, Weirdness & Mutations

You are resistant to damage.
You can recharge devices by infusing magical energy.
You passively map a small area around you.
You do not regenerate.


Message History

The orc wizard casts a spell at you. The magic dart hits you!
* * * LOW HITPOINT WARNING * * *
You hit the orc wizard.
The orc wizard is moderately wounded.
The orc wizard gestures at you while chanting.
The magic dart hits you!
You hit the orc wizard.
The orc wizard is severely wounded.
The orc wizard hits you but does no damage.
You block the orc wizard's attack.
You barely miss the orc wizard.
The orc wizard is severely wounded.
The orc wizard points at you and mumbles some strange words.
The magic dart hits you!
* * * LOW HITPOINT WARNING * * *
You closely miss the orc wizard.
The orc wizard is severely wounded.
The orc warrior hits you from afar with a trident!
You die...

, * , ∩ , *
, , * , * *
* * *
###########
,
#ooo@.....#*
* ,
#.#######.#
, #.# .. ,
#.# .# , * *
, #.# [# ,#
,
#o###.###.#
,
#..$......#
##........#
#.#..###.#


You could see an orc warrior and 2 orc wizards.

Vanquished Creatures
  The ghost of Scuka the Conjurer, an amateur DECj of Vehumet (D:5)
  A water moccasin (D:4)
  2 phantoms (D:5)
  An ice beast (D:6)
  2 centaurs (D:4)
  A big kobold (D:4)
  Blork the orc (D:4)
  A howler monkey (D:6)
  2 crimson imps (D:5)
  A hound (D:4)
  2 orc priests (D:6)
  An orc wizard (D:3)
  Ijyb (D:2)
  3 worker ants
  A hound zombie (D:6)
  A hound skeleton (D:4)
  8 adders
  A shadow imp (D:5)
  2 adder zombies
  An adder skeleton (D:4)
  2 worms
  A leopard gecko (D:1)
  7 orcs
  3 giant cockroaches
  4 goblins
  10 hobgoblins
  2 jackals (D:1)
  5 quokkas
  A ball python (D:2)
  3 bats
  3 frilled lizards
  A jackal zombie (D:6)
  12 kobolds
  A quokka zombie (D:4)
  9 rats
  A rat zombie (D:4)
99 creatures vanquished.

Vanquished Creatures (others)
  An ooze (D:4)
1 creature vanquished.

Grand Total: 100 creatures vanquished

Notes
Turn   | Place    | Note
-------+----------+-------------------------------------------
     0 | D:1      | tricornhat the Deep Dwarf Fighter began the quest for the Orb.
     0 | D:1      | Reached XP level 1. HP: 20/20 MP: 1/1
   141 | D:1      | Reached XP level 2. HP: 20/27 MP: 2/2
  1225 | D:2      | Noticed Ijyb
  1261 | D:2      | Killed Ijyb
  1261 | D:2      | Reached XP level 3. HP: 20/34 MP: 3/3
  1273 | D:2      | Reached skill level 4 in Shields
  1486 | D:2      | Reached XP level 4. HP: 19/42 MP: 4/4
  2013 | D:3      | Reached skill level 1 in Dodging
  2650 | D:4      | Noticed a big kobold
  2654 | D:4      | Noticed a water moccasin
  2681 | D:4      | Killed a water moccasin
  2681 | D:4      | Reached XP level 5. HP: 14/49 MP: 5/5
  2705 | D:4      | Found a blossoming altar of Fedhas.
  2707 | D:4      | Noticed a centaur
  2712 | D:4      | Noticed Blork the orc
  2774 | D:4      | Killed Blork the orc
  2774 | D:4      | Reached skill level 5 in Shields
  2774 | D:4      | Reached XP level 6. HP: 18/56 MP: 6/6
  2882 | D:4      | Reached XP level 7. HP: 31/62 MP: 7/7
  2958 | D:4      | Reached skill level 1 in Maces & Flails
  2961 | D:4      | Found a snail-covered altar of Cheibriados.
  3175 | D:4      | Found Nokkif's Food Shop.
  3330 | D:5      | Entered Level 5 of the Dungeon
  3390 | D:5      | Noticed Scuka's ghost (amateur DECj)
  3409 | D:5      | Killed Scuka's ghost
  3409 | D:5      | Reached skill level 5 in Armour
  3409 | D:5      | Reached skill level 6 in Shields
  3712 | D:5      | Reached XP level 8. HP: 57/72 MP: 8/8
  3739 | D:5      | Reached skill level 1 in Stealth
  3780 | D:5      | Found an ancient bone altar of Kikubaaqudgha.
  3780 | D:5      | Found a faded altar of an unknown god.
  3792 | D:5      | Found a faded altar of an unknown god.
  3794 | D:5      | Found a faded altar of an unknown god.
  3796 | D:5      | Found a faded altar of an unknown god.
  4311 | D:6      | Slain by an orc warrior

Skill      XL: |  1  2  3  4  5  6  7  8 |
---------------+-------------------------+-----
Fighting       | 3 4 |  4.2
Shields        | 4 5 6 |  6.7
Dodging        | 1 2 |  2.4
Axes           | 4 |  4.9
Armour         | 4 5 |  5.4
Maces & Flails | 3 4 |  4.4
Stealth        | 1 |  1.5
Evocations     | |  0.3

Action                   |  1- 3 |  4- 6 |  7- 9 || total
-------------------------+-------+-------+-------++-------
Melee: War axe           |   134 |   126 |       ||   260
       Mace              |       |    29 |   146 ||   175
Evoke: Wand              |       |     5 |       ||     5
  Use: Scroll            |     2 |     6 |     1 ||     9
       Potion            |       |       |     3 ||     3
  Eat: Pizza             |     1 |     1 |       ||     2
       Beef jerky        |     1 |       |       ||     1
       Bread ration      |       |     1 |     1 ||     2
       Fruit             |       |       |     2 ||     2
Armor: Scale mail        |    60 |    75 |    46 ||   181
Dodge: Dodged            |    39 |    59 |    36 ||   134
Block: Shield            |    77 |    93 |    64 ||   234
